Cogmind - Beta 17 @@@ ROGUE MODE // 2026.07.13 @ 17:33:48 // Winter2019/RPGLIKE Player: Gallgagger Result: Destroyed by P1-3CE with P1-3CE's Gatling Flakker Performance ------------- Evolutions (1) 500 Regions Visited (6) 1200 Robots Destroyed (1) 5 Value Destroyed (10) 10 Prototype IDs (0) 0 Alien Tech Used (0) 0 Bonus (0) 0 TOTAL SCORE: 1715 Bonus ------- None Cogmind --------- Core Integrity 0/850 Matter 156/300 Energy 99/100 System Corruption 2% Temperature Cool (0) Movement Core (50) Location -8/Mines Parts ------- > --- POWER (1) -------- (None) > --- PROPULSION (1) --- (None) > --- UTILITY (1) ------ (None) > --- WEAPON (1) ------- (None) > --- INVENTORY (0) ---- (None) Peak State ------------ None Favorites ----------- Power None Propulsion None Utility None Weapon None Build | -11 -10 -10 -9 -9 -9 -8 ------- Run | Yrd Mat Min Mat Min Exi Min Slots Evolved . | . . . . . . . Power . | . . . . . . . Propulsion . | . . . . . . . Utility . | . . . . . . . Weapon . | . . . . . . . Parts Attached . | . . . . . . . Power . | . . . . . . . Engine . | . . . . . . . Core . | . . . . . . . Reactor . | . . . . . . . Propulsion . | . . . . . . . Treads . | . . . . . . . Leg . | . . . . . . . Wheel . | . . . . . . . Hover . | . . . . . . . Flight . | . . . . . . . Utility . | . . . . . . . Device . | . . . . . . . Storage . | . . . . . . . Processor . | . . . . . . . Hackware . | . . . . . . . Protection . | . . . . . . . Artifact . | . . . . . . . Weapon . | . . . . . . . Energy Gun . | . . . . . . . Energy Cannon . | . . . . . . . Ballistic Gun . | . . . . . . . Ballistic Cannon . | . . . . . . . Launcher . | . . . . . . . Special Weapon . | . . . . . . . Impact Weapon . | . . . . . . . Slashing Weapon . | . . . . . . . Piercing Weapon . | . . . . . . . Special Melee Weapon . | . . . . . . . Unidentified Prototypes . | . . . . . . . Parts Lost . | . . . . . . . Power . | . . . . . . . Propulsion . | . . . . . . . Utility . | . . . . . . . Weapon . | . . . . . . . Highest Loss Streak . | . . . . . . . To Critical Strikes . | . . . . . . . Average Backups . | . . . . . . . Power . | . . . . . . . Propulsion . | . . . . . . . Utility . | . . . . . . . Weapon . | . . . . . . . Tool/Special . | . . . . . . . Unused Backups . | . . . . . . . Power . | . . . . . . . Propulsion . | . . . . . . . Utility . | . . . . . . . Weapon . | . . . . . . . Tool/Special . | . . . . . . . Average Slot Usage (%) . | . . . . . . . Peak Build Rating . | . . . . . . . Average Rating . | . . . . . . . On Entrance . | . . . . . . . Avg Prop Armor Cover (%) . | . . . . . . . Naked Turns 273 | . 41 12 55 49 70 46 Heaviest Build . | . . . . . . . Greatest Support 3 | 3 3 3 3 3 3 3 Greatest Overweight (x) . | . . . . . . . Average Overweight (x) . | . . . . . . . Largest Inventory Capacity . | . . . . . . . Average Capacity . | . . . . . . . Most Carried . | . . . . . . . Average Carried . | . . . . . . . Final Capacity . | . . . . . . . Final Carried . | . . . . . . . Class Distribution -------------------- 100% | Mutant Dominant Class ---------------- Mutant | -10/Materials Mutant | -10/Mines Mutant | -9/Materials Mutant | -9/Mines Mutant | -9/Exiles Mutant | -8/Mines Resources | -11 -10 -10 -9 -9 -9 -8 ----------- Run | Yrd Mat Min Mat Min Exi Min Matter Collected 51 | 51 . . . . . . Remotely . | . . . . . . . Salvage Created . | . . . . . . . Parts 3 | . . 3 . . . . Haulers Intercepted . | . . . . . . . Recyclers Shooed . | . . . . . . . Parts Field Recycled . | . . . . . . . Retrieved Matter . | . . . . . . . Parts Self-Destructed . | . . . . . . . Prevented . | . . . . . . . Parts Restored . | . . . . . . . Kills | -11 -10 -10 -9 -9 -9 -8 ------- Run | Yrd Mat Min Mat Min Exi Min Combat Hostiles Destroyed 1 | . . 1 . . . . Melee 1 | . . 1 . . . . Classes Destroyed 1 | . . 1 . . . . Swarmer 1 | . . 1 . . . . Best Kill Streak 1 | . . 1 . . . . Combat Bots Only 1 | . . 1 . . . . Max Kills in Single Turn 1 | . . 1 . . . . Gunslinging . | . . . . . . . Exploded . | . . . . . . . Melee 1 | . . 1 . . . . Uniques/NPCs Destroyed . | . . . . . . . Combat | -11 -10 -10 -9 -9 -9 -8 -------- Run | Yrd Mat Min Mat Min Exi Min Hostile Shots Fired 114 | . 13 9 29 36 . 27 Missed 48 | . 7 3 13 15 . 10 Hits 66 | . 6 6 16 21 . 17 Projectile 66 | . 6 6 16 21 . 17 Critical Strikes 2 | . . . 1 1 . . Damage Taken 851 | . 52 57 186 160 35 361 Core 851 | . 52 57 186 160 35 361 Absorbed by Shields . | . . . . . . . Core Remaining (%) 90 | 100 . 81 . . . . Volleys Fired . | . . . . . . . Largest . | . . . . . . . Hottest . | . . . . . . . Shots Fired . | . . . . . . . Gun . | . . . . . . . Cannon . | . . . . . . . Launcher . | . . . . . . . Special . | . . . . . . . Kinetic . | . . . . . . . Thermal . | . . . . . . . Explosive . | . . . . . . . Electromagnetic . | . . . . . . . Robot Hit Streak . | . . . . . . . Robot Miss Streak . | . . . . . . . Penetration Max . | . . . . . . . Secondary Targets . | . . . . . . . Shots Hit Robots . | . . . . . . . Core Hits 1 | . . 1 . . . . Critical Kills . | . . . . . . . Critical Parts Destroyed . | . . . . . . . Critical Strikes . | . . . . . . . Melee Attacks . | . . . . . . . Impact . | . . . . . . . Slashing . | . . . . . . . Piercing . | . . . . . . . Sneak Attacks . | . . . . . . . Combat Hostiles . | . . . . . . . Follow-up Attacks . | . . . . . . . Damage Inflicted 35 | . 9 4 . 4 18 . Guns . | . . . . . . . Cannons . | . . . . . . . Explosions . | . . . . . . . Melee . | . . . . . . . Ramming 35 | . 9 4 . 4 18 . Kinetic . | . . . . . . . Thermal . | . . . . . . . Explosive . | . . . . . . . Electromagnetic . | . . . . . . . Impact . | . . . . . . . Slashing . | . . . . . . . Piercing . | . . . . . . . Highest Corruption 2 | . . . . 2 2 2 Average Corruption 2 | . . . . 2 2 2 Corruption Purged . | . . . . . . . Corruption Blocked . | . . . . . . . Effects 4 | . . . . 2 . 2 Message Errors 1 | . . . . . . 1 Matter Fused 1 | . . . . 1 . . Data Loss (major) 1 | . . . . . . 1 Alerts 1 | . . . . 1 . . Overload Shots . | . . . . . . . Overflow Damage . | . . . . . . . Projectiles . | . . . . . . . Explosions . | . . . . . . . Melee . | . . . . . . . Knockbacks . | . . . . . . . Impact . | . . . . . . . Kinetic . | . . . . . . . Secondary . | . . . . . . . Self-Inflicted Damage 25 | . 4 2 . 1 18 . Shots . | . . . . . . . Rammed 4 | . 1 1 . 2 . . Targets Rammed 4 | . 1 1 . 2 . . Kicked . | . . . . . . . Crushed . | . . . . . . . Highest Temperature 2 | . . . 2 . . . Average Temperature 2 | . . . 2 . . . Received Heat Transfer 66 | . 6 . 60 . . . Siege Activations . | . . . . . . . Martial Activations . | . . . . . . . Shielding Activations . | . . . . . . . Robots Disrupted . | . . . . . . . Combat Hostiles . | . . . . . . . Robots Corrupted . | . . . . . . . Combat Hostiles . | . . . . . . . Parts Fried . | . . . . . . . Impact Corruptions . | . . . . . . . Robots Melted . | . . . . . . . Combat Hostiles . | . . . . . . . Parts Melted . | . . . . . . . Heat Transferred . | . . . . . . . Parts Sabotaged . | . . . . . . . Parts Stolen . | . . . . . . . Parts Stripped . | . . . . . . . Power Chain Reactions . | . . . . . . . Alert | -11 -10 -10 -9 -9 -9 -8 ------- Run | Yrd Mat Min Mat Min Exi Min Maximum Alert Level . | . . . . . . . Low Security (%) 100 | 100 100 100 100 100 . 100 Level 1 . | . . . . . . . Level 2 . | . . . . . . . Level 3 . | . . . . . . . Level 4 . | . . . . . . . Level 5 . | . . . . . . . High Security . | . . . . . . . Max Security . | . . . . . . . Peak Influence 30 | . . 20 7 . . 30 Initial 7 | . . . 7 . . . Average 3 | . . 6 2 . . 11 Influence Increases 50 | . . 20 . . . 30 Destroy 0b10 Robot/C 20 | . . 20 . . . . Lose Combat Pursuer 30 | . . . . . . 30 Influence Decreases 30 | . . . 20 . . 10 Entered New Map 13 | . . . 13 . . . Time Decay 17 | . . . 7 . . 10 Squads Dispatched 1 | . 1 . . . . . Investigation 1 | . 1 . . . . . Extermination . | . . . . . . . Reinforcement . | . . . . . . . Assault . | . . . . . . . Garrison . | . . . . . . . Intercept . | . . . . . . . Searches Triggered . | . . . . . . . Construction Impeded . | . . . . . . . Haulers Reinforced . | . . . . . . . Active Scanning Responses . | . . . . . . . Cargo Convoy Interrupts . | . . . . . . . Stealth | -11 -10 -10 -9 -9 -9 -8 --------- Run | Yrd Mat Min Mat Min Exi Min Distress Signals 2 | . 2 . . . . . Communications Jammed . | . . . . . . . Distress Signals . | . . . . . . . Times Spotted 27 | . 6 3 10 4 . 4 Peak Tracking Total 10 | . 8 3 10 4 9 4 Tactical Retreats 1 | . . . . . . 1 Traps | -11 -10 -10 -9 -9 -9 -8 ------- Run | Yrd Mat Min Mat Min Exi Min Traps Triggered 1 | . 1 . . . . . Indirectly . | . . . . . . . Trap Hack Attempts . | . . . . . . . Triggered . | . . . . . . . Disarmed . | . . . . . . . Reprogrammed . | . . . . . . . Reused . | . . . . . . . Traps Extracted . | . . . . . . . Installed . | . . . . . . . Triggered . | . . . . . . . Machines | -11 -10 -10 -9 -9 -9 -8 ---------- Run | Yrd Mat Min Mat Min Exi Min Machines Disabled 1 | . . . . . 1 . Max in Single Turn 1 | . . . . . 1 . Machines Repaired . | . . . . . . . Machines Dismantled . | . . . . . . . Machines Sabotaged . | . . . . . . . Overloaded Fab Kills . | . . . . . . . Hacking | -11 -10 -10 -9 -9 -9 -8 --------- Run | Yrd Mat Min Mat Min Exi Min Machines Accessed . | . . . . . . . Terminals . | . . . . . . . Fabricators . | . . . . . . . Repair Stations . | . . . . . . . Recycling Units . | . . . . . . . Scanalyzers . | . . . . . . . Garrison Access . | . . . . . . . Total Hacks . | . . . . . . . Successful . | . . . . . . . Failed . | . . . . . . . Catastrophic . | . . . . . . . Database Lockouts . | . . . . . . . Manual . | . . . . . . . Terminals . | . . . . . . . Fabricators . | . . . . . . . Repair Stations . | . . . . . . . Recycling Units . | . . . . . . . Scanalyzers . | . . . . . . . Garrison Access . | . . . . . . . Terminal Hacks . | . . . . . . . Fabricator Hacks . | . . . . . . . Repair Station Hacks . | . . . . . . . Recycling Unit Hacks . | . . . . . . . Scanalyzer . | . . . . . . . Garrison Access Hacks . | . . . . . . . Unauthorized Hacks . | . . . . . . . Terminals . | . . . . . . . Fabricators . | . . . . . . . Repair Stations . | . . . . . . . Recycling Units . | . . . . . . . Scanalyzers . | . . . . . . . Garrison Access . | . . . . . . . Data Cores Recovered . | . . . . . . . Used . | . . . . . . . Hacking Detections . | . . . . . . . Full Trace Events . | . . . . . . . Feedback Events . | . . . . . . . Feedback Blocked . | . . . . . . . Robot Schematics Acquired . | . . . . . . . Robots Built . | . . . . . . . Authchips . | . . . . . . . Time . | . . . . . . . Total Robot Build Rating . | . . . . . . . Part Schematics Acquired . | . . . . . . . Parts Built . | . . . . . . . Authchips . | . . . . . . . Time . | . . . . . . . Total Part Build Rating . | . . . . . . . Part Studies Acquired . | . . . . . . . Parts Repaired . | . . . . . . . Time . | . . . . . . . Parts Recycled . | . . . . . . . Recycled Matter . | . . . . . . . Retrieved Matter . | . . . . . . . Retrieved Components . | . . . . . . . Parts Scanalyzed . | . . . . . . . Part Schematics Acquired . | . . . . . . . Parts Damaged . | . . . . . . . Bothacking | -11 -10 -10 -9 -9 -9 -8 ------------ Run | Yrd Mat Min Mat Min Exi Min Used RIF Installer . | . . . . . . . Robots Hacked . | . . . . . . . Non-combat . | . . . . . . . Combat . | . . . . . . . Robot Hacks Applied . | . . . . . . . Relay Couplers Released . | . . . . . . . Fabnet Peak Effective % . | . . . . . . . Robots Rewired . | . . . . . . . Allies Hacked . | . . . . . . . Hacks Repelled . | . . . . . . . Allies | -11 -10 -10 -9 -9 -9 -8 -------- Run | Yrd Mat Min Mat Min Exi Min Total Allies . | . . . . . . . Largest Group . | . . . . . . . Highest-Rated Group . | . . . . . . . Highest-Rated Ally . | . . . . . . . Total Orders . | . . . . . . . Ally Attacks . | . . . . . . . Total Damage . | . . . . . . . Kills . | . . . . . . . Allies Corrupted . | . . . . . . . Allies Melted . | . . . . . . . Intel | -11 -10 -10 -9 -9 -9 -8 ------- Run | Yrd Mat Min Mat Min Exi Min Active Infowar (turns) . | . . . . . . . Robot Analysis Total . | . . . . . . . Derelict Logs Recovered . | . . . . . . . Drone Launches . | . . . . . . . Drone Recoveries . | . . . . . . . Exploration | -11 -10 -10 -9 -9 -9 -8 ------------- Run | Yrd Mat Min Mat Min Exi Min Turns Passed 283 | 10 41 12 55 49 70 46 Spaces Moved 517 | 19 80 21 75 93 138 91 Core 517 | 19 80 21 75 93 138 91 Treads . | . . . . . . . Legs . | . . . . . . . Wheels . | . . . . . . . Hover . | . . . . . . . Flight . | . . . . . . . Fastest Speed 50 | 50 50 50 50 50 50 50 Average Speed 50 | 50 50 50 50 50 50 50 Slowest Speed 50 | 50 50 50 50 50 50 50 Overloaded Moves . | . . . . . . . Propulsion Burnouts . | . . . . . . . Robots Hopped . | . . . . . . . Potential Cave-ins . | . . . . . . . Cave-ins Triggered . | . . . . . . . Exploration Rate (%) 24 | 4 24 13 12 34 50 35 Regions Visited 6 Branch Regions 4 Pre-discovered Areas . | . . . . . . . Known Exits Taken . | . . . . . . . Unknown Exits Taken 6 | 1 1 1 1 1 1 . Scrap Searched . | . . . . . . . Spaces Dug . | . . . . . . . Terrain Destroyed . | . . . . . . . Melee . | . . . . . . . Projectile . | . . . . . . . AOE . | . . . . . . . Terrain Rammed 1 | . . . . . 1 . Walls Destroyed . | . . . . . . . Machines Disabled 1 | . . . . . 1 . Actions | -11 -10 -10 -9 -9 -9 -8 --------- Run | Yrd Mat Min Mat Min Exi Min Total 533 | 18 80 21 91 94 138 91 Wait 17 | . . . 17 . . . Move 511 | 18 79 20 74 92 137 91 Hop . | . . . . . . . Pick Up . | . . . . . . . Fast Attach . | . . . . . . . Attach . | . . . . . . . Detach . | . . . . . . . Swap . | . . . . . . . Drop . | . . . . . . . Fire . | . . . . . . . Melee . | . . . . . . . Ram 5 | . 1 1 . 2 1 . Kick . | . . . . . . . Crush . | . . . . . . . Escape Stasis . | . . . . . . . Rewire . | . . . . . . . Trap . | . . . . . . . Miscellaneous . | . . . . . . . Route ------- -11/Scrapyard -10/Materials -10/Mines -9/Materials -9/Mines -9/Exiles -8/Mines History --------- Turn | Location | Event 3 | -11/Scrapyard | Discovered new exit (range 15) 11 | -11/Scrapyard | Entered Materials 48 | -10/Materials | Discovered new exit (range 8) 52 | -10/Materials | Entered Mines 57 | -10/Mines | Discovered new exit (range 9) 64 | -10/Mines | Entered Materials 66 | -9/Materials | Reached level 2 115 | -9/Materials | Discovered new exit (range 9) 119 | -9/Materials | Entered Mines 124 | -9/Mines | Assembled infested the area 131 | -9/Mines | Core integrity fell below 50% 166 | -9/Mines | Deemed a non-threat by the Exiles lab entrance 166 | -9/Mines | Discovered new exit (range 5) 168 | -9/Mines | Entered Exiles 181 | -9/Exiles | Met 8R-AWN 189 | -9/Exiles | Met EX-HEX 209 | -9/Exiles | Met EX-DEC 221 | -9/Exiles | Attacked by the Exiles 234 | -9/Exiles | Discovered new exit (range 10) 238 | -9/Exiles | Entered Mines 240 | -8/Mines | Reached level 3 278 | -8/Mines | P1-3CE came to Exiles' defense 283 | -8/Mines | Core integrity fell below 20% 284 | -8/Mines | Destroyed by P1-3CE with P1-3CE's Gatling Flakker Last Messages --------------- little cave for long, and we could use some help with the project in the back. EX-DEC: Ah I see we have a visitor. One wrong move in here and I'll invert your atomic chain! 00211_ EX-DEC: "Oops, I hope HEX didn't hear that..." 00218_ Upgraded: Core Integrity (+250) 00220_ Slammed into Machine. 00220_ Machine disabled. 00220_ Destabilizing: Core damaged (-17). 00221_ EXILES: Hostile robot within lab perimeter. Defensive protocols time, folks! 00234_ EXIT=FOUND A strange signal echoes through the mines. LOCATION=UNKNOWN GOAL=ESCAPE 00240_ Reached level 3. 00257_ System corrupted: Substantial component data lost. 00275_ 1WQYBFOAX9APW3/STVMHTCNEPM=%T 00278_ P1-3CE: "I came as fast as I could... Wait, it was you!" 00279_ Knocked back. Map ----- +----------------------------------------------------+ | ??# """ #????# ##?????????? | | ??# """ ##???# ###???????? | | ???# """ #???# ##??????? | | ???# ## ##?## ######?? | | ??## #?## ### ## ### | | ??# #??# # | | ??# #### | | ??## ## ## | | ????# ### ##? | | ???## ##?## ### #?? | | ??## ##???# #?## ##?? | | ?## #######????# #??# #??? | | ?# ##??????????# #??# #??? | | ?# ##??????????? #??# #??? | | ?## ##??????????? #??# #??? | | ??## #???????????? ?? ??? | | ???## ###### ?? ??? | | ????## ? ?? | | ????## ##### #??## ? ?? | | ???## #???? #??? ### #? | | ???# #### #???? ??#???##?? | | ??# #?????????????????? | | ??# ## ## ###?????????????????? | | ??## ### ##?????????????????????? | | ???###??# ;#?????????????????????? | | ???????##@;#?????????????????????? | | ???????#; ##?????????????????????? | | ???????##M#??????????????????????? | | ???????? ??????????????????????? | | ???????? ??????????????????????? | | ??????? ?????????????????????? | | ??????? ?????????????????????? | | ?????? ##????????????????????? | | ?????? #?????????????????????? | | ????? #?????????????????????? | | ????? ##?????????????????????? | | ????######???????????????????????? | | ?????????????????????????????????? | | ?????????????????????????????????? | | ?????????????????????????????????? | | ?????????????????????????????????? | | ?????????????????????????????????? | | ?????????????????????????????????? | | ?????????????????????????????????? | | ?????????????????????????????????? | | ?????????????????????????????????? | | ?????????????????????????????????? | | ?????????????????????????????????? | | ?????????????????????????????????? | | ?????????????????????????????????? | +----------------------------------------------------+ Best States ------------- Heat Dissipation 25 Energy Generation 5 Energy Capacity 100 Matter Stores 164 Matter Capacity 300 Sight Range 16 Terrain Scan Density 10 Evasion (%) 50 Item Schematics ----------------- None Robot Schematics ------------------ None Fabricated ------------ Nothing Repaired ---------- Nothing Studied --------- None Alien Tech Used ----------------- None Achievements -------------- None Challenges ------------ None RPGLIKE | -11 -10 -10 -9 -9 -9 -8 --------- Run | Yrd Mat Min Mat Min Exi Min Levels Raised 2 | . . . 1 . . 1 XP Earned 6300 | 3000 . 600 1500 500 200 500 XP Spent 225 | . . . . . 225 . Upgrades 5 | . . . . . 5 . Core Integrity 5 | . . . . . 5 . Protomatter Created 13 | . . 13 . . . . Protomatter Decayed . | . . . . . . . Game ------ Seed DrainedReactionShielding Manual? 1 Play Time 00:02:43 Cumulative 660.2 hours Start 2026.07.13 @ 17:28:08 End 2026.07.13 @ 17:33:48 Sessions 1 Manual Loads 0 Difficulty Rogue Special Mode Winter2019/RPGLIKE Game No. 268 Rogue 114 Adventurer 154 Explorer 0 Win Type - Total 22 Types 4/5/4/3/2/1/0/1/1/1 Lore% 95 Gallery% 88 Achievement% 68 Wizard Run 0 Options --------- Layout 0 ASCII 0 Keyboard 0 Movement Numpad Keybinds 0 Fullscreen 2 Font 18/SmallcapsGlow Map View 76x50 Zoom Use 0% Tactical HUD 1 Map Filters NONE Filters NONE Steam 1 RUN: 8cf4e934-b7cf-494a-b6ae-a0db8513fcac